 Dungeon Crawl Stone Soup version 0.22-a0-458-gb446440 (webtiles) character file.

62 xccam the Slasher (level 4, 0/23 HPs)
             Began as a Vine Stalker Berserker on June 8, 2018.
             Was a Follower of Trog.
             Killed from afar by an orc wizard (7 damage)
             ... with a magic dart
             ... on level 2 of the Dungeon.
             The game lasted 00:01:58 (935 turns).

xccam the Slasher (Vine Stalker Berserker)           Turns: 935, Time: 00:01:59

Health: 0/23       AC:  3    Str: 17 (20) XL:     4   Next: 8%
Magic:  0/5        EV: 12    Int:  6 (7)  God:    Trog [*.....]
Gold:   49         SH:  0    Dex: 13 (14) Spells: 3/3 levels left

rFire    . . .     SeeInvis .   a - +0 falchion
rCold    . . .     Gourm    .   (no shield)
rNeg     . . .     Faith    .   b - +0 animal skin
rPois    .         Spirit   +   (no helmet)
rElec    .         Reflect  .   (no cloak)
rCorr    .         Harm     .   (no gloves)
MR       .....                  j - +0 pair of boots
Stlth    +.........             (no amulet)
HPRegen  0.47/turn              (no ring)
MPRegen  0.09/turn              (no ring)

@: berserk cooldown
A: fangs 2, regeneration 1, magic shield, antimagic bite, no potion heal 3, rot
immunity
a: Berserk, Renounce Religion


You were on level 2 of the Dungeon.
You worshipped Trog.
Trog was aware of your devotion.
You were not hungry.

You visited 1 branch of the dungeon, and saw 2 of its levels.

You collected 49 gold pieces.

Inventory:

Hand Weapons
 a - a +0 falchion (weapon)
Armour
 b - a +0 animal skin (worn)
 j - a +0 pair of boots (worn)
Scrolls
 e - a scroll of teleportation {unknown}
 g - a scroll of identify {unknown}
 k - a scroll of immolation {unknown}
Potions
 d - a potion of degeneration
 f - 2 potions of flight {unknown}
 h - a potion of curing {unknown}
Comestibles
 c - 3 rations
 i - a chunk of flesh


   Skills:
 - Level 2.6 Fighting
 + Level 4.4 Long Blades
 - Level 1.5 Armour
 - Level 1.5 Dodging


You had 3 spell levels left.
You didn't know any spells.
Your spell library was empty.

Dungeon Overview and Level Annotations

Branches:
Dungeon (2/15)

Altars:
Gozag


Innate Abilities, Weirdness & Mutations

You have extremely sharp teeth.
Your natural rate of healing is unusually fast.
When hurt, damage is shared between your health and your magic reserves.
Your bite disrupts and absorbs the magic of your enemies.
Potions cannot restore your health.
You are immune to rotting.


Message History

It was a potion of degeneration.
There was something very wrong with that liquid.
You feel weakened.
You feel dopey.
You feel clumsy.
You feel yourself speed up.
The orc warrior shouts!
You hear a bark!
An adder comes into view.
The orc wizard points at you and mumbles some strange words.
The magic dart hits you!
An orc comes into view.
A jackal comes into view.
The jackal barks!
An orc wizard opens the door.
The orc wizard mumbles some strange words.
The orc wizard blinks!
The orc priest mumbles some strange prayers to Beogh against you.
Beogh smites you!
Ouch! That really hurt!
* * * LOW HITPOINT WARNING * * *
The orc wizard points at you and mumbles some strange words.
The magic dart hits you!
You die...

.... ######.##.#.#. .....
#.##.#.#.
.....#########.##)..#.
.)....................
.##
####+#.........##.....
....
#......###....###.#.#.
..... #......# #....#
#.#.##
.....h##.o....###....#
....hSoo..o.@)).+....+
.....h##....####.....###
......hS....+............
...#####....#############
## #....# #....# #....#
#....#


You could see an orc warrior, an orc priest, an orc wizard, 2 adders, an orc and
3 jackals.

Vanquished Creatures
  An adder (D:2)
  3 gnolls (D:2)
  2 dart slugs (D:1)
  2 leopard geckos (D:1)
  2 bats
  3 goblins (D:1)
  2 hobgoblins (D:1)
  2 frilled lizards (D:1)
  3 rats
20 creatures vanquished.

Notes
Turn   | Place    | Note
-------+----------+-------------------------------------------
     0 | D:1      | xccam the Vine Stalker Berserker began the quest for the Orb.
     0 | D:1      | Reached XP level 1. HP: 11/11 MP: 2/2
    48 | D:1      | Reached skill level 3 in Long Blades
   166 | D:1      | Reached XP level 2. HP: 7/16 MP: 1/3
   769 | D:2      | Found an opulent altar of Gozag.
   838 | D:2      | Reached XP level 3. HP: 13/19 MP: 4/4
   896 | D:2      | Reached skill level 4 in Long Blades
   900 | D:2      | Gained mutation: Your natural rate of healing is unusually fast. [Vine Stalker growth]
   900 | D:2      | Reached XP level 4. HP: 22/23 MP: 5/5
   929 | D:2      | Noticed an orc warrior
   935 | D:2      | Killed from afar by an orc wizard

Vault maps used:
D:1:      moated_graveyard_arrival
D:2:      first_ration, minmay_misc_feat_roman, grunt_gozag_breadcrumbs

Skill      XL: |  1  2  3 |
---------------+----------+-----
Long Blades    | 3 4 |  4.4
Fighting       | |  2.6
Armour         | |  1.5
Dodging        | |  1.5

Action                   |  1- 3 |  4- 6 || total
-------------------------+-------+-------++-------
Melee: Falchion          |    47 |       ||    47
       Bite              |    16 |       ||    16
Invok: Berserk           |     3 |       ||     3
  Use: Potion            |       |     1 ||     1
  Eat: Chunk             |     2 |     1 ||     3
Armor: Animal skin       |    14 |       ||    14
Dodge: Dodged            |    21 |       ||    21
       Rpst.: Falchion   |     4 |       ||     4

Table legend:
 A = Spawn XP
 B = Non-spawn XP
 C = Spawn XP percentage of total XP
 D = Spawn monster count
 E = Non-spawn monster count
 F = Spawn count percentage of total count
 G = Total turns spent on level
                    A         B        C        D         E        F      G
               +---------+---------+-------+---------+---------+-------+---------
         Total |       0 |      89 |   0.0 |       0 |      20 |   0.0 |   935
               +---------+---------+-------+---------+---------+-------+---------
           D:1 |       0 |      29 |   0.0 |       0 |      14 |   0.0 |   734
           D:2 |       0 |      60 |   0.0 |       0 |       6 |   0.0 |   201
               +---------+---------+-------+---------+---------+-------+---------
